 Dungeon Crawl Stone Soup version 0.30.1-11-g7821555f0a (webtiles) character file.

Game seed: 6686179923856905701

116225 pkoi the Brawler (level 16, -2/118 HPs)
             Began as a White Draconian Monk on Nov 14, 2023.
             Was the Champion of Hepliaklqana.
             Slain by an anaconda (10 damage)
             ... on level 1 of the Snake Pit.
             The game lasted 00:49:02 (28078 turns).

pkoi the Brawler (White Draconian Monk)            Turns: 28078, Time: 00:49:03

Health: -2/118     AC: 14    Str: 19    XL:     16   Next: 20%
Magic:  33/34      EV: 19    Int: 17    God:    Hepliaklqana [******]
Gold:   2510       SH:  0    Dex: 22    Spells: 15/27 levels left

rFire   + .          .
                       - Unarmed
rCold   + . .        b - orb {light}
rNeg    . . .        (body armour unavailable)
rPois   .            r - +0 hat {Stlth+}
rElec   .            o - +2 cloak "Oxyur" {rF+ MP+9 Dex+2}
rCorr   .            f - +0 pair of gloves
SInv    .            v - +0 pair of boots
Will    +....        F - amulet of the acrobat
Stlth   ++           d - +6 ring of dexterity
HPRegen 0.39/turn    E - +6 ring of strength
MPRegen 0.24/turn

%: acrobat
@: glowing
A: reduced essence, breathe frost, AC +9, unfitting armour, cold resistance 1,
cold-blooded, weak 1
a: Breathe Frost, Renounce Religion, Recall Ancestor, Ancestor Identity,
Transference, Idealise


You were on level 1 of the Snake Pit.
You worshipped Hepliaklqana.
Hepliaklqana was exalted by your worship.
You visited 6 branches of the dungeon, and saw 24 of its levels.
You also visited: Sewer.

You collected 2944 gold pieces.
You spent 434 gold pieces at shops.

Inventory:

Hand Weapons
 I - a +2 longbow of flaming
Armour
 b - an orb of light (worn)
 f - a +0 pair of gloves (worn)
 o - the +2 cloak "Oxyur" (worn) {rF+ MP+9 Dex+2}
   (You acquired it on level 5 of the Dungeon)

   Dex:       It affects your dexterity (+2).
   rF:        It protects you from fire.
   MP:        It affects your magic capacity (+9).
 r - a +0 hat of stealth (worn)
 v - a +0 pair of boots (worn)
Jewellery
 d - a +6 ring of dexterity (left hand)
 l - a ring of magical power
 m - a ring of resist corrosion
 E - a +6 ring of strength (right hand)
 F - an amulet of the acrobat (around neck)
 K - a ring of protection from fire
Wands
 a - a wand of iceblast (18)
 s - a wand of paralysis (17)
 w - a wand of flame (11)
 H - a wand of quicksilver (10)
 J - a wand of polymorph (12)
Scrolls
 e - 6 scrolls of teleportation
 i - 10 scrolls of identify
 j - 2 scrolls of enchant weapon
 k - a scroll of blinking
 p - 4 scrolls of fear
 x - 3 scrolls of amnesia
 y - a scroll of butterflies
 D - a scroll of acquirement
 G - 3 scrolls of fog
Potions
 c - 3 potions of haste
 g - 5 potions of brilliance
 h - 3 potions of flight
 n - a potion of resistance
 q - 4 potions of invisibility
 t - 2 potions of berserk rage
 u - 8 potions of heal wounds
 z - 2 potions of cancellation
 A - a potion of ambrosia
 B - 4 potions of might
 C - 2 potions of curing
 M - a potion of magic


   Skills:
 - Level 9.0 Fighting
 - Level 9.0 Dodging
 - Level 6.0 Stealth
 + Level 20.4 Unarmed Combat
 - Level 6.0 Spellcasting
 + Level 4.7 Translocations
 - Level 6.3 Transmutations
 - Level 13.5 Ice Magic


You had 15 spell levels left.
You knew the following spells:

 Your Spells              Type           Power      Damage    Failure   Level
a - Ozocubu's Armour      Ice            50%        N/A       1%          3
b - Frozen Ramparts       Ice            100%       1d16      1%          3
c - Ice Form              Ice/Tmut       38%        N/A       2%          4
d - Blink                 Tloc           42%        N/A       2%          2

Your spell library contained the following spells:

 Spells                   Type           Power      Damage    Failure   Level
 Lesser Beckoning         Tloc           42%        N/A       2%          2
 Momentum Strike          Conj/Tloc      26%        3d8       8%          2
 Summon Ice Beast         Ice/Summ       28%        N/A       8%          4
 Kiss of Death            Conj/Necr      20%        2d7       13%         1
 Metabolic Englaciation   Hex/Ice        14%        N/A       22%         5
 Confusing Touch          Hex            5%         N/A       36%         3
 Dispel Undead            Necr           5%         3d7       77%         4
 Simulacrum               Ice/Necr       14%        N/A       77%         6
 Summon Mana Viper        Hex/Summ       5%         N/A       98%         5
 Monstrous Menagerie      Summ           2%         N/A       100%        7


Dungeon Overview and Level Annotations

Branches:
Dungeon (13/15)            Temple (1/1) D:7            Lair (5/5) D:8
  Swamp (1/4) Lair:3        Snake (2/4) Lair:2        Slime (0/5) Lair:4
    Orc (2/2) D:12            Elf (0/3) Orc:2         Sewer (visited)
 Vaults: D:13-14

Altars:
Ashenzari
Cheibriados
Dithmenos
Elyvilon
Fedhas
Gozag
Hepliaklqana
Kikubaaqudgha
Makhleb
Nemelex Xobeh
Okawaru
Qazlal
Ru
Sif Muna
Trog
Uskayaw
Vehumet
Wu Jian
Xom
Yredelemnul
Zin
The Shining One

Shops:
D:6 [   Orc:2 !!==*

Portals:
Ice
Cave: Snake:2

Annotations:
D:11 2 transporters, Jadoobi's ghost, journeyman MiBe
D:13 3 runed translucent doors
Lair:5 exclusion: obsidian statue
Snake:2 Aizul


Innate Abilities, Weirdness & Mutations

Your life essence is reduced to manifest your ancestor. (-10% HP)
You can breathe waves of freezing cold which knock back foes.
Your icy white scales are hard. (AC +9)
You cannot fit into any form of body armour.
Your flesh is cold resistant. (rC+)
You are cold-blooded and may be slowed by cold attacks.
You are weak. (Str -2)


Message History

The anaconda bites you!
* * * LOW HITPOINT WARNING * * *
The anaconda constricts you.
Unknown command.
Your frozen ramparts will break if you move.
Continue? [Y]es or [N]o only, please.
Your frozen ramparts will break if you move.
Continue?
Okay, then.
Unknown command.
Your frozen ramparts will break if you move.
Continue?
You escape the anaconda's grasp.
You feel very sick.
The wall freezes Aizul.
The wall freezes Aizul!
Aizul hits you but does no damage.
The wall freezes the salamander but does no damage.
The salamander closely misses you.
The frozen ramparts melt away.
You climb upwards.
You feel very sick.
There is a stone staircase leading down here.
Unknown command.
You hit the anaconda.
The anaconda is heavily wounded.
You feel sick. The anaconda closely misses you. The anaconda bites you!
* * * LOW HITPOINT WARNING * * *
Mirriam misses the anaconda.
Mirriam hits the anaconda with a +0 dagger of draining.
You closely miss the anaconda. You tail-slap the anaconda.
The anaconda is severely wounded.
You feel sick. The anaconda grabs you. The anaconda bites you.
* * * LOW HITPOINT WARNING * * *
The anaconda constricts you.
* * * LOW HITPOINT WARNING * * *
Mirriam misses the anaconda.
You feel better.
Mirriam barely misses the anaconda.
The anaconda misses you. The anaconda constricts you.
* * * LOW HITPOINT WARNING * * *
Mirriam closely misses the anaconda.
You escape the anaconda's grasp.
The anaconda attacks as you move away! The anaconda bites you!
You die...

#.#.#######...........##....#
#.#.# ###.#........##.... #.#.#
#.##......####### #.#.#
#######.###.(..##
#.#.###........#####.#
#..>...........#####.#
#..............#.....########
###.###........#.......##....
##.....#.....@S...#.#####.....
##............R†...#.# #...R..
#................###.# #.⌠.###
#................# #.# #....##
#................###.#####....#
#................##.....###....
##......#........#........###..
##....##......................
##......#......................


You could see the friendly Mirriam the hexer and an anaconda (slow, ally
target).

Vanquished Creatures
  2 orc warlords (Orc:2)
  Nessos (Lair:5)
  3 dire elephants (Lair:5)
  Azrael (Orc:2)
  Josephine (D:12)
  2 centaur warriors (D:13)
  A boulder beetle (Lair:4)
  2 death yaks
  3 anacondas
  2 ogre magi (Orc:2)
  10 two-headed ogres
  A naga sharpshooter (Snake:1)
  A spectral dire elephant (Lair:5)
  An orc high priest (Orc:2)
  A shock serpent (Snake:2)
  A skyshark (Lair:4)
  2 spectral death yaks (Lair:5)
  A bog body (Swamp:1)
  2 naga ritualists
  2 orc knights
  2 orc sorcerers (Orc:2)
  2 necromancers (Lair:5)
  3 cyclopes
  3 mana vipers (Snake:1)
  A salamander (Snake:1)
  8 black mambas
  Maurice (D:8)
  6 elephants
  A guardian serpent (Snake:2)
  A torpor snail (Lair:4)
  2 orange demons (D:13)
  13 cane toads
  5 komodo dragons
  4 rime drakes
  A polar bear (Lair:4)
  A troll (shapeshifter) (D:12)
  A queen bee (shapeshifter) (D:13)
  6 trolls
  3 hornets
  4 spectral elephants (Lair:5)
  5 blink frogs (Lair:2)
  11 dream sheep
  3 slime creatures (D:12)
  3 spriggans
  7 wyverns
  3 shadows
  3 wraiths
  23 yaks
  A fire elemental (Orc:2)
  2 basilisks
  A steam dragon (D:8)
  5 vampire mosquitoes
  Menkaure (D:7)
  A death yak simulacrum (Lair:5)
  A swamp worm (Lair:3)
  3 wargs (Orc:2)
  6 nagas
  A spectral cane toad (Lair:5)
  3 acid dragons
  9 water moccasins
  2 hell hounds (Orc:2)
  3 ice beasts
  A sky beast (D:6)
  A black bear (Lair:2)
  27 orc warriors
  38 ogres
  An elephant zombie (Lair:5)
  10 centaurs
  22 wolves
  An elephant skeleton (Lair:5)
  4 phantoms
  A kobold brigand (D:9)
  13 bullfrogs
  4 scorpions
  13 wights
  4 killer bees (D:7)
  An electric eel (Lair:3)
  A howler monkey (D:9)
  2 gnoll boudas
  14 orc priests
  2 hounds
  4 jellies
  4 iguanas
  A sleepcap (D:5)
  18 orc wizards
  10 gnolls
  A river rat (Sewer)
  10 adders
  A white imp (D:7)
  4 worms
  A dart slug (D:2)
  104 orcs
  10 ball pythons
  10 endoplasms
  9 giant cockroaches
  6 goblins
  5 hobgoblins
  4 quokkas
  5 bats
  8 frilled lizards
  6 kobolds
  4 rats
590 creatures vanquished.

Vanquished Creatures (collateral kills)
  A dire elephant (Lair:5)
  2 ogre magi (Orc:2)
  An anaconda (Snake:2)
  3 hydras
  An alligator (Swamp:1)
  4 two-headed ogres
  A death yak (Lair:5)
  A goliath frog (Swamp:1)
  A spectral anaconda (Lair:5)
  A spriggan druid (Swamp:1)
  An orc knight (Orc:2)
  A necromancer (Lair:5)
  2 oklob plants (Lair:5)
  2 mana vipers
  A salamander (Snake:1)
  5 black mambas
  2 elephants (Lair:4)
  A dire elephant zombie (Lair:5)
  A kobold demonologist (D:10)
  5 cane toads
  A rime drake (Lair:1)
  A komodo dragon (Lair:4)
  A troll (Orc:2)
  A polar bear (Lair:5)
  12 dream sheep
  A wyvern (Lair:2)
  A shadow (D:10)
  A dire elephant simulacrum (Lair:5)
  2 wraiths (D:12)
  A spriggan (Swamp:1)
  5 yaks
  A fire elemental (Orc:2)
  A vampire mosquito (Swamp:1)
  5 water moccasins
  2 swamp worms
  An acid dragon (D:9)
  5 orc warriors
  5 ogres (Orc:2)
  4 wolves (Lair:2)
  2 bullfrogs
  The ghost of middlethird the Digger, a weakling VSEE (D:3)
  A jelly (D:8)
  5 orc priests
  A gnoll bouda (D:7)
  A hexer (D:9)
  3 orc wizards
  2 gnolls (Orc:2)
  9 orcs
  An endoplasm (Lair:4)
  3 butterflies (Lair:1)
117 creatures vanquished.

Vanquished Creatures (others)
  A bloated husk (Swamp:1)
  An orc priest (Orc:2)
  13 hexers
15 creatures vanquished.

Grand Total: 722 creatures vanquished

Notes
Turn   | Place    | Note
-------+----------+-------------------------------------------
     0 | D:1      | pkoi the Draconian Monk began the quest for the Orb.
     0 | D:1      | Reached XP level 1. HP: 19/19 MP: 1/1
   316 | D:1      | Reached XP level 2. HP: 25/26 MP: 2/2
   538 | D:1      | Reached skill level 4 in Unarmed Combat
  1006 | D:2      | Reached XP level 3. HP: 27/31 MP: 3/3
  1519 | D:3      | Found a glowing drain.
  1551 | Sewer    | Entered a sewer
  1577 | Sewer    | Reached skill level 5 in Unarmed Combat
  1577 | Sewer    | Reached XP level 4. HP: 38/38 MP: 4/4
  1744 | Sewer    | Noticed a kobold brigand
  2012 | D:3      | Found a large runed translucent door.
  2012 | D:3      | Found a large runed translucent door.
  2014 | D:3      | Noticed middlethird's ghost (weakling VSEE)
  2316 | D:3      | Noticed a centaur
  2333 | D:3      | Killed a centaur
  2334 | D:3      | Reached skill level 6 in Unarmed Combat
  2334 | D:3      | Reached XP level 5. HP: 23/45 MP: 5/5
  2862 | D:4      | Reached XP level 6. HP: 51/51 MP: 6/6
  2991 | D:4      | Reached skill level 7 in Unarmed Combat
  3771 | D:5      | Entered Level 5 of the Dungeon
  3898 | D:5      | Your scales start taking on an icy white colour.
  3898 | D:5      | Reached XP level 7. HP: 54/58 MP: 7/7
  3898 | D:5      | Gained mutation: Your flesh is cold resistant. (rC+) [White
                  | Draconian growth]
  4118 | D:5      | Found a blossoming altar of Fedhas.
  4321 | D:5      | Reached skill level 8 in Unarmed Combat
  4416 | D:5      | Identified a scroll of acquirement
  4506 | D:5      | Acquired the +2 cloak "Oxyur" {rF+ MP+9 Dex+2}
  4590 | D:5      | Reached skill level 5 in Fighting
  4691 | D:5      | Reached XP level 8. HP: 63/68 MP: 8/8
  5206 | D:6      | Reached skill level 5 in Dodging
  5461 | D:6      | Reached skill level 9 in Unarmed Combat
  5817 | D:6      | Reached XP level 9. HP: 65/75 MP: 9/9
  6001 | D:6      | Found Sotuewuc's Antique Armour Shoppe.
  6336 | D:7      | Found a staircase to the Ecumenical Temple.
  6342 | D:7      | Reached skill level 10 in Unarmed Combat
  6347 | Temple   | Entered the Ecumenical Temple
  6528 | Temple   | Became a worshipper of Hepliaklqana the Forgotten
  6528 | Temple   | Reached * piety under Hepliaklqana
  6528 | Temple   | Reached ** piety under Hepliaklqana
  6529 | Temple   | Remembered your ancestor Mirriam as a hexer
  6965 | D:7      | Reached skill level 11 in Unarmed Combat
  7079 | D:7      | Reached skill level 12 in Unarmed Combat
  7120 | D:7      | Noticed Menkaure
  7126 | D:7      | Killed Menkaure
  7372 | D:7      | Reached XP level 10. HP: 66/74 MP: 10/10
  7608 | D:8      | Identified the +1 robe of the Arcane {+Inv Regen+ Int+2}
  7648 | D:8      | Found a staircase to the Lair.
  7709 | D:8      | Reached skill level 13 in Unarmed Combat
  7966 | D:8      | Found a shadowy altar of Dithmenos.
  7981 | D:8      | Found a hide-covered altar of Uskayaw.
  8236 | D:8      | Noticed Maurice
  8247 | D:8      | Killed Maurice
  8526 | D:9      | Noticed a two-headed ogre
  8533 | D:9      | Killed a two-headed ogre
  8534 | D:9      | Reached skill level 14 in Unarmed Combat
  8624 | D:9      | Noticed a two-headed ogre
  8641 | D:9      | Killed a two-headed ogre
  8893 | D:9      | Reached *** piety under Hepliaklqana
  9194 | D:10     | Entered Level 10 of the Dungeon
  9202 | D:10     | Gained mutation: You are weak. (Str -2) [a neqoxec]
  9204 | D:10     | Reached XP level 11. HP: 82/82 MP: 11/11
  9267 | Lair:1   | Entered Level 1 of the Lair of Beasts
 10206 | Lair:2   | Learned a level 3 spell: Ozocubu's Armour
 10309 | Lair:2   | Reached skill level 15 in Unarmed Combat
 10309 | Lair:2   | Reached skill level 1 in Ice Magic
 10323 | Lair:2   | Reached skill level 1 in Spellcasting
 10593 | Lair:2   | You fall into a shaft and drop 2 floors!
 10605 | Lair:4   | Reached **** piety under Hepliaklqana
 10866 | Lair:3   | Noticed a four-headed hydra
 10878 | Lair:3   | Killed a four-headed hydra
 11176 | Lair:3   | Reached XP level 12. HP: 80/93 MP: 16/16
 11302 | Lair:2   | Noticed a four-headed hydra
 11311 | Lair:2   | Killed a four-headed hydra
 11409 | Lair:2   | Reached skill level 5 in Ice Magic
 11607 | Lair:2   | Found a staircase to the Snake Pit.
 12554 | Lair:3   | Learned a level 3 spell: Frozen Ramparts
 12692 | Lair:3   | Reached skill level 1 in Stealth
 12949 | Lair:3   | Noticed a seven-headed hydra
 13141 | Lair:3   | Killed a seven-headed hydra
 13169 | Lair:3   | Found a staircase to the Swamp.
 13306 | Lair:4   | Reached skill level 16 in Unarmed Combat
 13366 | Lair:4   | Noticed a death yak
 13653 | Lair:4   | Learned a level 4 spell: Ice Form
 13748 | Lair:4   | Reached skill level 1 in Transmutations
 13817 | Lair:4   | Found a staircase to the Slime Pits.
 13935 | Lair:4   | Reached ***** piety under Hepliaklqana
 14045 | Lair:4   | Noticed a boulder beetle
 14083 | Lair:4   | Killed a boulder beetle
 14320 | Lair:4   | Killed a death yak
 14321 | Lair:4   | Reached XP level 13. HP: 86/99 MP: 20/20
 14565 | Lair:5   | Entered Level 5 of the Lair of Beasts
 14781 | Lair:5   | Reached skill level 5 in Spellcasting
 14935 | Lair:5   | Noticed Nessos
 14951 | Lair:5   | Killed Nessos
 15710 | Lair:5   | Noticed a dire elephant
 15710 | Lair:5   | Noticed a dire elephant
 15710 | Lair:5   | Noticed a dire elephant
 15711 | Lair:5   | Noticed a dire elephant
 16177 | Lair:5   | Reached skill level 5 in Transmutations
 16244 | Lair:5   | Reached skill level 10 in Ice Magic
 16244 | Lair:5   | Reached XP level 14. HP: 106/106 MP: 23/23
 16595 | Lair:5   | Reached skill level 5 in Stealth
 16764 | Lair:5   | Identified the +7 falchion of Beir {venom, *Rage Fly Int+6
                  | Dex+2}
 17659 | Lair:5   | Reached skill level 17 in Unarmed Combat
 18916 | D:10     | Reached ****** piety under Hepliaklqana
 19706 | D:11     | You fall into a shaft and drop 2 floors!
 19707 | D:13     | Found a runed translucent gate.
 19707 | D:13     | Found a runed translucent gate.
 19707 | D:13     | Found a runed translucent gate.
 19759 | D:13     | Reached XP level 15. HP: 95/111 MP: 24/24
 20387 | D:11     | Noticed Jadoobi's ghost (journeyman MiBe)
 20410 | D:11     | Found a transporter.
 20414 | D:11     | Found a transporter.
 21048 | D:12     | Noticed Josephine
 21060 | D:12     | Killed Josephine
 21325 | Swamp:1  | Entered Level 1 of the Swamp
 21872 | D:12     | Found a staircase to the Orcish Mines.
 21885 | D:12     | Reached skill level 18 in Unarmed Combat
 22172 | Orc:1    | Entered Level 1 of the Orcish Mines
 22532 | Orc:2    | Entered Level 2 of the Orcish Mines
 22538 | Orc:2    | Found Atiocefu's Distillery.
 22589 | Orc:2    | Noticed Azrael
 22600 | Orc:2    | Killed Azrael
 22617 | Orc:2    | Bought a potion of mutation for 112 gold pieces
 22617 | Orc:2    | Bought a potion of magic for 112 gold pieces
 23528 | Orc:2    | Found a burning altar of Makhleb.
 23786 | Orc:2    | Reached skill level 19 in Unarmed Combat
 23786 | Orc:2    | Found a staircase to the Elven Halls.
 23887 | Orc:2    | Paralysed by something for 2 turns
 24267 | Orc:2    | Paralysed by an ogre mage for 2 turns
 24607 | Orc:2    | Found Nalufylo's Distillery.
 24607 | Orc:2    | Found Behykibise's Jewellery Shoppe.
 24607 | Orc:2    | Found Raabrik's Jewellery Shoppe.
 24607 | Orc:2    | Found Sinaf's General Store.
 24614 | Orc:2    | Bought a potion of heal wounds for 65 gold pieces
 24614 | Orc:2    | Bought a potion of heal wounds for 65 gold pieces
 24616 | Orc:2    | Bought a potion of heal wounds for 80 gold pieces
 24905 | Orc:2    | Learned a level 2 spell: Blink
 25161 | D:3      | Killed middlethird's ghost
 25473 | Swamp:1  | Reached skill level 1 in Translocations
 25512 | Swamp:1  | Reached skill level 20 in Unarmed Combat
 25624 | Swamp:1  | HP: 3/111 [acid (9)]
 26638 | Snake:1  | Entered Level 1 of the Snake Pit
 26745 | Snake:1  | Reached XP level 16. HP: 118/118 MP: 25/25
 28027 | Snake:2  | Found a frozen archway.
 28027 | Snake:2  | Noticed Aizul
 28076 | Snake:1  | HP: 3/118 [constriction (4)]
 28078 | Snake:1  | Slain by an anaconda

Illustrated notes

Levels and vault maps discovered:
D:1:      amcnicky_arrival_blooded_trapdoor, layout_loops_corners
D:2:      layout_rooms
D:3:      cheibrodos_helix_gallery, layout_basic, portal_sewer_entry_f,
          ebering_ghost_disaster_area
D:4:      minmay_spotlight, layout_loops_ring
D:5:      minmay_chambers_of_threes, layout_gridville, mainiacjoe_overflow_paths
D:6:      layout_loops_ring, serial_shops, nicolae_shop_real_fake_doors
D:7:      layout_loops_ring, minmay_temple_entry_trees,
          dreamdust_gnoll_shepherd, uniq_menkaure
D:8:      layout_basic, grunt_dithmenos_shadows,
          mainiacjoe_overflow_surrounded_room, lair_entry_dummy,
          serial_bayou_pond_e, uniq_maurice
D:9:      layout_loops_cross, minmay_misc_feat_room, kennysheep_small_circle
D:10:     layout_basic, special_room [special_room_orc]
D:11:     layout_basic, gammafunk_ghost_arena
D:12:     minmay_the_grid_square_5x5_5x5_mashed
          [minmay_the_grid_square_5x5_two_small,
          minmay_the_grid_square_5x5_three, minmay_the_grid_square_5x5_forky,
          minmay_the_grid_square_5x5_detours, minmay_the_grid_square_5x5_corner,
          minmay_the_grid_square_5x5_almost_minimal,
          minmay_the_grid_square_5x5_prize_rear_guard,
          minmay_the_grid_square_5x5_shrine1,
          minmay_the_grid_square_5x5_prize_deathbox,
          minmay_the_grid_square_5x5_sharp_hourglass,
          minmay_the_grid_square_5x5_seven,
          minmay_the_grid_square_5x5_minivault,
          minmay_the_grid_square_5x5_prize_waves,
          minmay_the_grid_square_5x5_six_small, minmay_the_grid_square_5x5_n,
          minmay_the_grid_square_5x5_longway,
          minmay_the_grid_square_5x5_prize_open,
          minmay_the_grid_square_5x5_lines,
          minmay_the_grid_square_5x5_prize_open,
          minmay_the_grid_square_5x5_plus,
          minmay_the_grid_square_5x5_two_walls_a,
          minmay_the_grid_square_5x5_fancy_junction,
          minmay_the_grid_square_5x5_inner_z,
          minmay_the_grid_square_5x5_intrusive_squares,
          minmay_the_grid_square_5x5_inner_v], layout_long_grid, david_orc_5,
          uniq_sonja, uniq_josephine
D:13:     layout_long_grid, gammafunk_ghost_nasty_kobolds,
          einodemon_barbed_minivault
Temple:   nicolae_temple_bog_church
Lair:1:   layout_cave_pods, lemuel_fruit_fields, lemuel_fruit_tree,
          grunt_megastairs_3, lemuel_fruit_fields, infiniplex_staircase_pool
Lair:2:   layout_roguey, nicolae_snake_entry_squirm, beast_lair_carwin_10
Lair:3:   layout_loops_ring, palyth_hydra_swamp_entry, hibernation_bobbens,
          serial_bayou_shore_a
Lair:4:   layout_roguey, nicolae_slime_entry_slimehenge, nzn_sisyphean_effort,
          grunt_megastairs_2
Lair:5:   due_jungle_book, layout_long_grid, dpeg_oklob_1, uniq_nessos
Swamp:1:  layout_basic_swamp, nicolae_swamp_trees_clearing, uniq_kirke
Snake:1:  layout_gridlike, nicolae_snake_slithery_corners,
          nicolae_triple_integral
Snake:2:  layout_rooms, portal_ice_cave_entry_pillars_2, uniq_aizul,
          uniq_louise, uniq_vashnia
Orc:1:    layout_caves
Orc:2:    st_orc_ogre_mass, layout_caves, basic_altar, serial_shops, shop,
          minmay_orc_treasury, uniq_azrael

Skill      XL: |  1  2  3  4  5  6  7  8  9 10 11 12 13 14 15 16 |
---------------+-------------------------------------------------+-----
Unarmed Combat | 4 5 6 7 8 9 12 14 15 16 17 20 | 20.4
Dodging        | 3 4 6 8 9 |  9.0
Fighting       | 5 6 7 9 |  9.0
Ice Magic      | 4 8 10 12 13 | 13.5
Spellcasting   | 3 4 6 |  6.0
Stealth        | 3 4 6 |  6.0
Transmutations | 2 6 |  6.3
Translocations | 2 4 |  4.7

Action                     |  1- 3 |  4- 6 |  7- 9 | 10-12 | 13-15 | 16-18 || total
---------------------------+-------+-------+-------+-------+-------+-------++-------
  Melee: Unarmed           |   124 |   207 |   262 |   473 |   780 |    58 ||  1904
         Tailslap          |    16 |    34 |    52 |   111 |   188 |     9 ||   410
   Cast: Frozen Ramparts   |       |       |       |     9 |    50 |     4 ||    63
         Ozocubu's Armour  |       |       |       |     3 |     4 |       ||     7
         Ice Form          |       |       |       |       |     4 |       ||     4
 Invoke: Recall Ancestor   |       |       |     1 |    10 |    14 |     1 ||    26
         Ancestor Life: He |       |       |     1 |       |       |       ||     1
         Ancestor Identity |       |       |     1 |       |       |       ||     1
Ability: Breathe Frost     |       |       |    10 |    19 |     1 |       ||    30
  Evoke: Wand              |       |       |       |     2 |       |       ||     2
    Use: Scroll            |     6 |     3 |     7 |     5 |     6 |       ||    27
         Potion            |     5 |     2 |       |       |     2 |     1 ||    10
   Stab: Confused          |       |       |     3 |    22 |    18 |       ||    43
         Distracted        |       |       |       |    19 |    23 |       ||    42
         Paralysed         |       |       |       |       |    46 |     5 ||    51
         Sleeping          |       |       |       |       |     1 |     1 ||     2
 Armour: Skin              |    43 |    65 |    59 |    84 |   126 |    16 ||   393
  Dodge: Dodged            |    80 |   102 |   141 |   287 |   581 |    54 ||  1245
